 Dungeon Crawl Stone Soup version 0.29.1-2-gbd0b4ee654 (webtiles) character file.

Game seed: 2004399282970110266

1161 xian the Trooper (level 8, -2/74 HPs)
             Began as a Naga Abyssal Knight on Nov 12, 2022.
             Was a Priest of Lugonu.
             Slain by a steam dragon (7 damage)
             ... on level 6 of the Dungeon.
             The game lasted 00:15:30 (6717 turns).

xian the Trooper (Naga Abyssal Knight)              Turns: 6717, Time: 00:15:31

Health: -2/74      AC:  8    Str: 20    XL:     8   Next: 39%
Magic:  11/11      EV:  9    Int: 12    God:    Lugonu [***...]
Gold:   242        SH:  8    Dex: 16    Spells: 7/7 levels left

rFire   x . .      SeeInvis +   f - +7 dagger of the Tomato {vorpal, Drain Dex+5}
rCold   + + .      Faith    .   I - +0 kite shield
rNeg    . . .      Spirit   .   b - +0 leather armour
rPois   +          Reflect  .   (no helmet)
rElec   .          Harm     .   G - +0 cloak
rCorr   .          Rampage  .   r - +2 pair of gloves {Str+3}
Will    +....                   (no barding)
Stlth   ++........              k - amulet of magic regeneration
HPRegen 0.22/turn               q - ring of ice
MPRegen 0.52/turn               B - ring of protection from cold

@: hasted, quick
A: AC +2, large, see invisible, deformed body, poison resistance, slowness 2,
spit poison 1, naga tail 1
a: Spit Poison, Renounce Religion, Depart the Abyss, Bend Space, Banish


You were on level 6 of the Dungeon.
You worshipped Lugonu.
Lugonu was most pleased with you.
You visited 1 branch of the dungeon, and saw 6 of its levels.
You visited the Abyss 1 time.

You collected 262 gold pieces.
You spent 20 gold pieces at shops.

Inventory:

Hand Weapons
 a - a +1 hand axe
 f - the +7 dagger of the Tomato (weapon) {vorpal, Drain Dex+5}
   (You found it on level 3 of the Dungeon)

   It inflicts extra damage upon your enemies.
   Dex:       It affects your dexterity (+5).
   Drain:     It drains your maximum health when unequipped.
Missiles
 m - 11 poisoned darts
 o - 4 atropa-tipped darts
 y - 5 curare-tipped darts
Armour
 b - a +0 leather armour (worn)
 r - a +2 pair of gloves of strength (worn)
 G - a +0 cloak (worn)
 I - a +0 kite shield (worn)
Jewellery
 k - an amulet of magic regeneration (around neck)
 q - a ring of ice (left hand)
 B - a ring of protection from cold (right hand)
 C - a ring of wizardry
 F - a ring of positive energy
 H - a ring of flight
Wands
 t - a wand of flame (30)
Scrolls
 d - 3 scrolls of enchant weapon {unknown}
 e - 2 scrolls of teleportation
 h - a scroll of blinking
 i - 3 scrolls of fear
 l - a scroll of noise {unknown}
 n - 3 scrolls of brand weapon
 p - a scroll of silence
 u - 2 scrolls of vulnerability {unknown}
 v - a scroll of butterflies
 w - a scroll of enchant armour
 E - a scroll of summoning
Potions
 c - 3 potions of flight {unknown}
 g - 2 potions of curing {unknown}
 j - a potion of mutation {unknown}
 s - a potion of haste
 x - a potion of attraction {unknown}
 z - 2 potions of lignification {unknown}
 A - a potion of degeneration {unknown}
 D - a potion of resistance


   Skills:
 + Level 5.0 Fighting
 + Level 3.9 Short Blades
 + Level 2.8 Axes
 + Level 3.6 Armour
 + Level 2.6 Dodging
 + Level 3.5 Stealth
 + Level 1.4 Shields
 * Level 5.0 Invocations


You had 7 spell levels left.
You didn't know any spells.
Your spell library was empty.

Dungeon Overview and Level Annotations

Branches:
Dungeon (6/15)
 Temple: D:4-7

Altars:
Hepliaklqana
Vehumet

Shops:
D:1 *

Annotations:
D:6 Sigmund


Innate Abilities, Weirdness & Mutations

Your serpentine skin is tough. (AC +2)
You have supernaturally acute eyesight. (SInv)
Armour fits poorly on your strangely shaped body.
Your system is resistant to poisons. (rPois)
You cover ground very slowly.
You can spit poison.
You have a snake-like lower body.


Message History

The bullfrog hits you but does no damage.
You hit the bullfrog.
The bullfrog is almost dead.
You block the bullfrog's attack. The steam dragon breathes steam at you.
The ball of steam hits you!! The steam scalds you terribly!
* * * LOW HITPOINT WARNING * * *
The bullfrog releases a deep croak.
The bullfrog hits you.
* * * LOW HITPOINT WARNING * * *
Okay, then.
You block the bullfrog's attack.
You barely miss the bullfrog.
The bullfrog is almost dead.
The bullfrog closely misses you. The bullfrog hits you.
* * * LOW HITPOINT WARNING * * *
The bullfrog hits you.
* * * LOW HITPOINT WARNING * * *
You hit the bullfrog.
The bullfrog is almost dead.
The bullfrog hits you but does no damage.
You block the bullfrog's attack.
You completely miss the bullfrog.
The bullfrog is almost dead.
The bullfrog completely misses you.
You feel yourself speed up. The bullfrog barely misses you.
The steam dragon barely misses you. You block the steam dragon's attack.
The bullfrog barely misses you.
You hit the bullfrog.
You kill the bullfrog!
Lugonu accepts your kill. You block the steam dragon's attack.
The steam dragon claws you but does no damage.
Your Invocations skill increases to level 5!
The steam dragon breathes steam at you. The ball of steam misses you.
You hear a shout!
The steam dragon bites you!
You die...

.......F...+
.......h...#
#..........#####
######)@.......#
......†........#
####...........#
....###############
.....
..........§..######
..>..
...!.....D@...<...#
....
.............####.#
.... .......§.....#
#.# .............#
#.# .............#
#.# ......@[.....#
##'####
.............#
#.....#
.............#
#.....#####
.............#
#.........#


You could see a steam dragon and Sigmund (wandering).

Vanquished Creatures
  Grinder (D:4)
  A black bear (D:6)
  An ogre (D:6)
  A phantom (D:6)
  A bullfrog (D:6)
  A gnoll sergeant (D:5)
  A scorpion (D:6)
  A howler monkey (D:4)
  A hound (D:5)
  2 jellies
  Crazy Yiuf (D:4)
  2 orc wizards
  12 gnolls
  11 adders
  3 worms
  A dart slug (D:2)
  18 orcs
  2 bats
  2 endoplasms
  A giant cockroach (D:1)
  5 goblins
  8 hobgoblins
  4 jackals
  7 quokkas
  2 ball pythons (D:1)
  7 kobolds
  5 rats
102 creatures vanquished.

Notes
Turn   | Place    | Note
-------+----------+-------------------------------------------
     0 | Abyss:1  | xian the Naga Abyssal Knight began the quest for the Orb.
     0 | Abyss:1  | Reached XP level 1. HP: 21/21 MP: 2/2
     1 | Abyss:1  | Found a corrupted altar of Lugonu.
    18 | Abyss:1  | Noticed a large abomination
    19 | D:1      | Escaped the Abyss
   526 | D:1      | Reached XP level 2. HP: 28/28 MP: 3/3
   652 | D:1      | Found Seul Nucupu's General Store.
   656 | D:1      | Bought a scroll of identify for 20 gold pieces
  1090 | D:2      | Found a hazy altar of Hepliaklqana.
  1257 | D:2      | Reached XP level 3. HP: 8/36 MP: 4/4
  1692 | D:2      | Reached skill level 1 in Dodging
  1692 | D:2      | Reached skill level 1 in Stealth
  2133 | D:2      | Reached XP level 4. HP: 44/44 MP: 5/5
  2561 | D:3      | Identified a scroll of acquirement
  2562 | D:3      | Acquired a +2 pair of gloves of strength
  2681 | D:3      | Identified the +7 dagger of the Tomato {vorpal, Drain
                  | Dex+5}
  2947 | D:3      | Reached XP level 5. HP: 31/50 MP: 7/7
  3455 | D:4      | Reached *** piety under Lugonu
  3630 | D:4      | Reached skill level 1 in Short Blades
  3640 | D:4      | Reached XP level 6. HP: 21/57 MP: 8/8
  3858 | D:4      | Noticed Grinder
  3886 | D:4      | Paralysed by Grinder for 2 turns
  3891 | D:4      | Killed Grinder
  3892 | D:4      | Reached XP level 7. HP: 34/66 MP: 9/9
  4650 | D:4      | Found a runed translucent door.
  4651 | D:4      | Noticed Crazy Yiuf
  4660 | D:4      | Killed Crazy Yiuf
  4851 | D:5      | Entered Level 5 of the Dungeon
  5293 | D:5      | Found a radiant altar of Vehumet.
  6021 | D:6      | Reached skill level 1 in Shields
  6021 | D:6      | Reached XP level 8. HP: 12/73 MP: 11/11
  6024 | D:6      | Noticed Sigmund
  6702 | D:6      | Reached skill level 5 in Fighting
  6708 | D:6      | HP: 3/74 [bullfrog (1)]
  6713 | D:6      | Reached skill level 5 in Invocations
  6717 | D:6      | Slain by a steam dragon

Illustrated notes

Levels and vault maps discovered:
D:1:      dpeg_arrival_rooms_a, layout_loops_cross, serial_shops, shop
D:2:      layout_basic, basic_altar, grunt_ministairs_8, minmay_tetromino_i2
D:3:      layout_loops_corners, hex_tiny, moated_statue,
          minmay_fractal_squares_gapless_5
D:4:      minmay_angry_zag, layout_loops_ring, uniq_grinder,
          uniq_crazy_yiuf_cottage
D:5:      layout_gridville, nicolae_vehumet_radiance, sigmund_army
D:6:      layout_basic, uniq_sigmund

Skill      XL: |  1  2  3  4  5  6  7  8 |
---------------+-------------------------+-----
Dodging        | 1 2 |  2.6
Stealth        | 1 2 3 |  3.5
Armour         | 2 3 |  3.6
Fighting       | 4 5 |  5.0
Invocations    | 3 4 5 |  5.0
Short Blades   | 1 2 3 |  3.9
Shields        | 1 |  1.4
Axes           | |  2.8

Action                   |  1- 3 |  4- 6 |  7- 9 || total
-------------------------+-------+-------+-------++-------
Melee: Hand axe          |    81 |    30 |       ||   111
       Dagger            |       |    73 |   117 ||   190
Invok: Depart the Abyss  |     1 |       |       ||     1
 Abil: Spit Poison       |    19 |    13 |    18 ||    50
  Use: Scroll            |     4 |     4 |     4 ||    12
       Potion            |       |       |     1 ||     1
 Stab: Sleeping          |       |       |     1 ||     1
Armor: Leather armour    |    32 |    33 |    35 ||   100
Dodge: Dodged            |    45 |    50 |    55 ||   150
Block: Buckler           |       |    13 |     7 ||    20
       Kite shield       |       |       |    36 ||    36
